 Dungeon Crawl Stone Soup version 0.29.1-1-gd02db6906a (webtiles) character file.

Game seed: 12975580438730995895

88 Zeld the Chopper (level 4, 8/40 HPs)
             Began as a Minotaur Berserker on Oct 20, 2022.
             Was a Believer of Trog.
             Quit the game on level 3 of the Dungeon.
             The game lasted 00:02:21 (1939 turns).

Zeld the Chopper (Minotaur Berserker)               Turns: 1939, Time: 00:02:21

Health: 8/40       AC:  2    Str: 23    XL:     4   Next: 29%
Magic:  3/3        EV: 12    Int:  4    God:    Trog [**....]
Gold:   86         SH:  0    Dex: 10    Spells: 3/3 levels left

rFire   . . .      SeeInvis .   a - +0 hand axe
rCold   . . .      Faith    .   (no shield)
rNeg    . . .      Spirit   .   b - +0 animal skin
rPois   .          Reflect  .   (helmet restricted)
rElec   .          Harm     .   (no cloak)
rCorr   .          Rampage  .   (no gloves)
Will    .....                   (no boots)
Stlth   +.........              (no amulet)
HPRegen 0.13/turn               (no ring)
MPRegen 0.08/turn               (no ring)

@: on berserk cooldown, slowed, very slow
A: horns 2, retaliatory headbutt
a: Renounce Religion, Berserk, Trog's Hand


You were on level 3 of the Dungeon.
You worshipped Trog.
Trog was pleased with you.
You visited 1 branch of the dungeon, and saw 3 of its levels.

You collected 86 gold pieces.

Inventory:

Hand Weapons
 a - a +0 hand axe (weapon)
Armour
 b - a +0 animal skin (worn)
Wands
 h - a wand of polymorph (9)
Scrolls
 c - a scroll of immolation {unknown}
 d - a scroll of teleportation {unknown}
 e - 2 scrolls of enchant weapon {unknown}
 f - a scroll of amnesia {unknown}
 i - a scroll of vulnerability {unknown}
Potions
 g - a potion of brilliance {unknown}


   Skills:
 + Level 4.2 Fighting
 * Level 4.8 Axes
 + Level 3.3 Armour
 + Level 2.9 Dodging


You had 3 spell levels left.
You didn't know any spells.
Your spell library was empty.

Dungeon Overview and Level Annotations

Branches:
Dungeon (3/15)

Altars:

Shops:
D:1 ?


Innate Abilities, Weirdness & Mutations

You have a pair of horns on your head.
You reflexively headbutt those who attack you in melee.


Message History

The orc is moderately wounded.
You miss the orc wizard. You closely miss the orc.
The orc hits you with a +0 club. x2
The orc wizard hits you with a +0 dagger.
Unknown command.
The orc wizard attacks as you move away!
The orc wizard closely misses you.
You feel less confused. The orc misses you. The orc hits you with a +0 club.
The orc wizard mumbles some strange words.
The orc wizard flickers and vanishes!
Deactivating autopickup; reactivate with Ctrl-A.
Unknown command.
A red film seems to cover your vision as you go berserk!
You feel yourself moving faster!
You feel mighty! The orc hits you with a +0 club. The orc closely misses you.
You furiously retaliate!
You headbutt the orc!
You kill the orc!
Trog accepts your kill.
You miss something. Your headbutt misses something. You hit the orc.
You hear the slow rusting of a very distant drain.
The orc barely misses you.
You hear some strange, mumbled words.
You are confused.
Something hits you.
* * * LOW HITPOINT WARNING * * *
You feel a strong urge to attack something.
You feel your anger nearly subside.
You are no longer berserk.
You are exhausted.
You feel yourself slow down. The orc closely misses you.
You barely miss something. Your headbutt misses something. You hit the orc.
You kill the orc!
Trog accepts your kill. Something hits you.
* * * LOW HITPOINT WARNING * * *
You barely miss something.
You feel less confused. Something barely misses you. Something hits you.
* * * LOW HITPOINT WARNING * * *
Are you sure you want to abandon this character and quit the game? (Confirm with "yes".)

........).# #|####..#
.....########........
..............##..#.#
. ...........###...#
#>...............
#................
#................
###................
........)..@.......
..........){.......
...................
...................
.......#####.......
....... .......
....... #######
....... .....


There were no monsters in sight!

Vanquished Creatures
  5 adders
  A dart slug (D:2)
  3 orcs (D:3)
  4 bats
  2 endoplasms (D:2)
  A giant cockroach (D:1)
  A goblin (D:1)
  5 hobgoblins
  2 jackals (D:3)
  5 kobolds
  4 ball pythons (D:1)
  2 frilled lizards (D:1)
  2 rats (D:1)
37 creatures vanquished.

Vanquished Creatures (others)
  9 plants (D:3)
9 creatures vanquished.

Grand Total: 46 creatures vanquished

Notes
Turn   | Place    | Note
-------+----------+-------------------------------------------
     0 | D:1      | Zeld the Minotaur Berserker began the quest for the Orb.
     0 | D:1      | Reached XP level 1. HP: 19/19 MP: 0/0
   344 | D:1      | Found Gayloise's Magic Scroll Shop.
   358 | D:1      | Reached XP level 2. HP: 24/27 MP: 1/1
   931 | D:2      | Reached XP level 3. HP: 28/33 MP: 2/2
  1019 | D:2      | Found a faded altar of an unknown god.
  1041 | D:2      | Reached ** piety under Trog
  1600 | D:2      | Reached XP level 4. HP: 40/40 MP: 3/3
  1939 | D:3      | Quit the game

Illustrated notes

Levels and vault maps discovered:
D:1:      wheals_arrival_linesprint, layout_basic, serial_shops,
          nicolae_shop_advertising_works [nicolae_subvault_shop_adworks]
D:2:      layout_loops_ring, shapermc_ecumenical_altar_mp_ritualfount,
          nrook_mini_vaults, minmay_tromino_mix6
D:3:      layout_rooms, portal_sewer_entry_b, serial_bayou,
          serial_bayou_lagoon_a, serial_bayou_ford_a, serial_bayou_pond_e,
          serial_bayou_pond_d, nicolae_shop_vocational

Skill      XL: |  1  2  3 |
---------------+----------+-----
Axes           | 4 |  4.8
Fighting       | 4 |  4.2
Armour         | 3 |  3.3
Dodging        | |  2.9

Action                   |  1- 3 |  4- 6 || total
-------------------------+-------+-------++-------
Melee: Hand axe          |    66 |    18 ||    84
       Headbutt          |     9 |       ||     9
       Punch             |     1 |       ||     1
Invok: Berserk           |       |     1 ||     1
Armor: Animal skin       |    23 |     1 ||    24
Dodge: Dodged            |    52 |    20 ||    72
